 Dungeon Crawl Stone Soup version 0.23.2-40-g277498a001 (webtiles) character file.

Game seed: 12922491245477932089

58 Frank2 the Chopper (level 3, 0/29 HPs)
             Began as a Demigod Gladiator on Sept 14, 2019.
             Succumbed to an adder's poison
             ... on level 2 of the Dungeon.
             The game lasted 00:01:42 (1206 turns).

Frank2 the Chopper (Demigod Gladiator)              Turns: 1206, Time: 00:01:43

Health: 0/29       AC:  7    Str: 14 (17) XL:     3   Next: 52%
Magic:  5/5        EV: 17    Int:  9 (12) God:
Gold:   50         SH:  0    Dex: 21 (24) Spells: 2/2 levels left

rFire    . . .     SeeInvis .   a - +0 war axe
rCold    . . .     Gourm    .   (no shield)
rNeg     . . .     Faith    .   h - +0 ring mail
rPois    .         Spirit   .   c - +0 helmet
rElec    .         Reflect  .   (no cloak)
rCorr    .         Harm     .   (no gloves)
MR       .....                  (no boots)
Stlth    ++........             (no amulet)
HPRegen  0.09/turn              (no ring)
MPRegen  0.09/turn              (no ring)

@: agile, lethally poisoned (0 -> -5), very slightly contaminated, invisible
A: rugged brown scales 1, blink, high mp 1, MP-powered wands
a: Blink


You were on level 2 of the Dungeon.
You were very hungry.

You visited 1 branch of the dungeon, and saw 2 of its levels.

You collected 50 gold pieces.

Inventory:

Hand Weapons
 a - a +0 war axe (weapon)
Missiles
 d - 3 throwing nets (quivered)
Armour
 c - a +0 helmet (worn)
 g - a +0 chain mail
 h - a +0 ring mail (worn)
Jewellery
 b - an uncursed ring of magical power
 k - an uncursed ring of magical power
Comestibles
 f - 5 rations


   Skills:
 + Level 2.0 Fighting
 + Level 3.4 Axes
 - Level 1.7 Throwing
 * Level 1.5 Armour
 + Level 3.0 Dodging


You had 2 spell levels left.
You didn't know any spells.
Your spell library was empty.

Dungeon Overview and Level Annotations

Branches:
Dungeon (2/15)


Innate Abilities, Weirdness & Mutations

You have an increased reservoir of magic. (+10% MP)
You are partially covered in rugged brown scales. (AC +1, +3% HP)
You can translocate small distances at will.
You expend magic power (3 MP) to strengthen your wands.


Message History

The frilled lizard hisses.
The adder closely misses you.
It was a potion of invisibility.
You fade into invisibility!
The adder misses you.
You are very lightly contaminated with residual magic.
You closely miss the adder.
* * * LOW HITPOINT WARNING * * *
You feel sick. The adder barely misses you. The adder misses you.
You catch the helpless adder completely off-guard!
You hit the adder but do no damage.
* * * LOW HITPOINT WARNING * * *
You feel sick. The adder misses you. The adder completely misses you.
Unknown command.
You slash the adder!
The adder is severely wounded.
The adder closely misses you. The adder misses you.
You miss the adder.
The adder is severely wounded.
You die...

......'....... # ...
......#######. .#....
......############..##'#
......'.........(....>.#
......##########'##....#
......# #.....# .
......# #...).# #######
#..†..# ###@### #S#
#####


gl# ...... ..g# ......# ....# ......# .....# ......# ....... ......# ........
......# You could see an adder, a hobgoblin, a goblin and a frilled lizard.

Vanquished Creatures
  2 adders (D:2)
  2 oozes (D:2)
  A dart slug (D:1)
  A leopard gecko (D:2)
  4 bats (D:1)
  3 giant cockroaches
  A goblin (D:1)
  2 hobgoblins
  2 jackals (D:1)
  3 frilled lizards (D:1)
  4 kobolds
  4 rats
29 creatures vanquished.

Notes
Turn   | Place    | Note
-------+----------+-------------------------------------------
     0 | D:1      | Frank2 the Demigod Gladiator began the quest for the Orb.
     0 | D:1      | Reached XP level 1. HP: 17/17 MP: 3/3
   308 | D:1      | Reached XP level 2. HP: 18/24 MP: 4/4
   956 | D:2      | Reached skill level 1 in Armour
  1087 | D:2      | Reached XP level 3. HP: 26/29 MP: 5/5
  1201 | D:2      | Gained mutation: You can translocate small distances at
                  | will. [potion of mutation]
  1201 | D:2      | Gained mutation: You are partially covered in rugged brown
                  | scales. (AC +1, +3% HP) [potion of mutation]
  1201 | D:2      | Gained mutation: You expend magic power (3 MP) to
                  | strengthen your wands. [potion of mutation]
  1204 | D:2      | HP: 1/29 [poisoned by an adder]
  1206 | D:2      | Succumbed to an adder's poison

Skill      XL: |  1  2 |
---------------+-------+-----
Dodging        | 3 |  3.0
Axes           | 3 |  3.4
Armour         | 1 |  1.5
Fighting       | 2 |  2.0
Throwing       | |  1.7

Action                   || total
-------------------------++-------
Melee: War axe           ||    92
  Use: Scroll            ||     5
       Potion            ||     4
 Stab: Invisible         ||     1
Armor: Ring mail         ||    46
Dodge: Dodged            ||    95
